 Dungeon Crawl Stone Soup version 0.23.2-30-g0e89c35649 (webtiles) character file.

Game seed: 5708715300428843365

3873 redwoodhats the Grappler (level 10, -1/83 HPs)
             Began as a Ghoul Fighter on June 9, 2019.
             Was an Initiate of Yredelemnul.
             Slain by Erolcha
             ... wielding a +0 giant club
              (7 damage)
             ... on level 9 of the Dungeon.
             The game lasted 00:36:23 (7021 turns).

redwoodhats the Grappler (Ghoul Fighter)            Turns: 7021, Time: 00:36:24

Health: -1/83      AC: 15    Str: 24    XL:     10   Next: 19%
Magic:  9/9        EV:  8    Int:  3    God:    Yredelemnul [......]
Gold:   371        SH: 10    Dex:  8    Spells: 9/9 levels left

rFire    . . .     SeeInvis .     - Unarmed
rCold    + + .     Gourm    .   b - +0 shield
rNeg     + + +     Faith    .   e - +3 chain mail {rC+}
rPois    ∞         Spirit   .   i - +0 helmet
rElec    .         Reflect  .   (no cloak)
rCorr    .         Harm     .   j - +0 pair of gloves
MR       .....     Rnd*Tele +   (no boots)
Stlth    ..........             (no amulet)
HPRegen  0.00/turn              h - ring of teleportation
MPRegen  0.11/turn              (no ring)

@: rotting
A: rotting body, claws 1, carnivore, cold resistance 1, negative energy
resistance 3, inhibited regeneration, torment resistance, unbreathing
a: Renounce Religion


You were on level 9 of the Dungeon.
You worshipped Yredelemnul.
Yredelemnul was noncommittal.
You were not hungry.

You visited 1 branch of the dungeon, and saw 9 of its levels.

You collected 371 gold pieces.

Inventory:

Hand Weapons
 g - a cursed +2 dire flail
 m - a +1 mace of crushing
 r - a +4 lajatang of freezing
 s - a cursed +1 vampiric scimitar
 t - a cursed +4 spear
Missiles
 f - 12 tomahawks
 o - 2 throwing nets (quivered)
Armour
 a - a +0 scale mail
 b - a +0 shield (worn)
 e - a +3 chain mail of cold resistance (worn)
 i - a +0 helmet (worn)
 j - a +0 pair of gloves (worn)
 k - a +1 ring mail
Jewellery
 h - a ring of teleportation (left hand)
Wands
 u - a wand of flame (28)
 y - a wand of polymorph (6)
 A - a wand of disintegration (36)
Scrolls
 l - a scroll of teleportation
 q - 4 scrolls of identify
 v - a scroll of enchant armour
 w - a scroll of remove curse
Potions
 c - a potion of lignification
 n - a potion of curing
 p - 2 potions of agility
Miscellaneous
 x - a box of beasts
Comestibles
 d - 15 rations


   Skills:
 + Level 5.9 Fighting
 + Level 6.2 Armour
 + Level 4.1 Dodging
 + Level 1.0 Stealth
 + Level 6.2 Shields
 + Level 10.4 Unarmed Combat


You had 9 spell levels left.
You didn't know any spells.
Your spell library contained the following spells:

 Spells                   Type           Power        Failure   Level  Hunger
 Animate Skeleton         Necr           N/A          100%        1    ##.....
 Apportation              Tloc           #.....       100%        1    ##.....
 Confusing Touch          Hex            #.....       100%        1    ##.....
 Flame Tongue             Conj/Fire      #....        100%        1    ##.....
 Summon Small Mammal      Summ           #...         100%        1    ##.....
 Call Imp                 Summ           #.......     100%        2    ###....
 Sticks to Snakes         Tmut           #.......     100%        2    ###....
 Throw Flame              Conj/Fire      #.....       100%        2    ###....
 Call Canine Familiar     Summ           #.......     100%        3    ####...
 Confuse                  Hex            #.......     100%        3    ####...
 Conjure Flame            Conj/Fire      #.......     100%        3    ####...
 Gell's Gravitas          Tloc           #.........   100%        3    ####...
 Inner Flame              Hex/Fire       #.......     100%        3    ####...
 Summon Guardian Golem    Hex/Summ       #.......     100%        3    ####...
 Petrify                  Tmut/Erth      #.......     100%        4    #####..
 Sticky Flame             Conj/Fire      #.......     100%        4    #####..
 Summon Ice Beast         Ice/Summ       #.......     100%        4    #####..
 Summon Lightning Spire   Summ/Air       #.......     100%        4    #####..
 Fireball                 Conj/Fire      #.........   100%        5    ######.
 Metabolic Englaciation   Hex/Ice        #.........   100%        5    ######.
 Yara's Violent Unravell  Hex/Tmut       #.........   100%        5    ######.
 Beastly Appendage        Tmut           Unusable     N/A         1    N/A
 Spider Form              Tmut/Pois      Unusable     N/A         3    N/A
 Ice Form                 Ice/Tmut       Unusable     N/A         4    N/A
 Blade Hands              Tmut           Unusable     N/A         5    N/A

Dungeon Overview and Level Annotations

Branches:
Dungeon (9/15)             Temple (0/1) D:7
   Lair: D:8-11         Orc: D:9-12

Altars:
Cheibriados
Fedhas
Gozag
Okawaru
Trog
Uskayaw
Yredelemnul
The Shining One

Shops:
D:7 (   D:8 :

Annotations:
D:9 Erolcha


Innate Abilities, Weirdness & Mutations

Your body is rotting away.
You thrive on raw meat.
You are immune to poison.
You have sharp fingernails.
You are carnivorous and can eat meat at any time.
Your flesh is cold resistant. (rC+)
You are immune to negative energy. (rN+++)
You do not regenerate when monsters are visible.
You are immune to unholy pain and torment.
You can survive without breathing.


Message History

Erolcha gestures wildly while chanting.
Erolcha flickers and vanishes!
Deactivating autopickup; reactivate with Ctrl-A.
Found a smoky grey potion.
Something hits you!
You completely miss something. Something hits you!!
You hit something. You hit something but do no damage. Something hits you!
You punch something!
You hear some strange, mumbled words.
A bolt of lightning appears from out of thin air!
The bolt of lightning hits you!
* * * LOW HITPOINT WARNING * * *
You hit something. You block something's attack.
You completely miss something. You closely miss something. Something hits you!
* * * LOW HITPOINT WARNING * * *
You feel better. Something hits you!
You die...
Yredelemnul claims you as an undead slave.

.# #.# #!# #.#
#.# ######.#
#......#######
#.....$.......
#..!..@.......
#......{......
#.......>.....
#.............
#.............
#.............
######....#...
#....#...


There were no monsters in sight!

Vanquished Creatures
  Grinder (D:6)
  2 hornets
  Edmund (D:6)
  A sky beast (D:5)
  An ice beast (D:8)
  An orc warrior (D:8)
  A phantom (D:8)
  2 centaurs
  3 ogres
  2 big kobolds
  8 bullfrogs
  2 scorpions
  5 wights (D:7)
  7 crimson imps
  2 bullfrog zombies
  7 hounds
  2 gnoll shamans
  3 orc priests
  5 orc wizards
  A bullfrog skeleton (D:5)
  Jessica (D:3)
  3 iguanas
  Terence (D:3)
  4 worker ants
  A killer bee zombie (D:6)
  A hound zombie (D:8)
  A worker ant zombie (D:5)
  A howler monkey zombie (D:6)
  9 adders
  12 gnolls
  An ooze (D:5)
  An adder zombie (D:6)
  An adder skeleton (D:5)
  3 worms
  A dart slug (D:3)
  7 leopard geckos
  17 orcs
  4 giant cockroaches
  8 goblins
  14 hobgoblins
  2 jackals (D:2)
  16 kobolds
  3 quokkas
  3 ball pythons
  5 bats
  3 frilled lizards (D:1)
  A leopard gecko zombie (D:5)
  5 rats
186 creatures vanquished.

Vanquished Creatures (others)
  An orc wizard (D:3)
1 creature vanquished.

Grand Total: 187 creatures vanquished

Notes
Turn   | Place    | Note
-------+----------+-------------------------------------------
     0 | D:1      | redwoodhats the Ghoul Fighter began the quest for the Orb.
     0 | D:1      | Reached XP level 1. HP: 19/19 MP: 0/0
   162 | D:1      | Reached XP level 2. HP: 26/26 MP: 1/1
   833 | D:2      | Reached XP level 3. HP: 25/30 MP: 2/2
  1240 | D:2      | Reached skill level 3 in Unarmed Combat
  1559 | D:2      | Reached XP level 4. HP: 29/39 MP: 3/3
  1699 | D:3      | Noticed Jessica
  1706 | D:3      | Killed Jessica
  1706 | D:3      | Reached skill level 1 in Dodging
  1776 | D:3      | Reached XP level 5. HP: 46/46 MP: 4/4
  1928 | D:3      | Noticed Terence
  1949 | D:3      | Killed Terence
  1986 | D:3      | Reached skill level 4 in Unarmed Combat
  1986 | D:3      | Reached XP level 6. HP: 21/52 MP: 5/5
  3334 | D:5      | Entered Level 5 of the Dungeon
  3415 | D:5      | Found a bloodstained altar of Trog.
  3449 | D:5      | Reached XP level 7. HP: 40/56 MP: 6/6
  3455 | D:5      | Found a hide-covered altar of Uskayaw.
  3461 | D:5      | Reached skill level 5 in Unarmed Combat
  3470 | D:5      | Found a snail-covered altar of Cheibriados.
  3479 | D:5      | Found a blossoming altar of Fedhas.
  3636 | D:5      | Reached skill level 1 in Stealth
  3654 | D:5      | Reached skill level 6 in Unarmed Combat
  3682 | D:5      | Reached XP level 8. HP: 17/63 MP: 7/7
  4083 | D:6      | Noticed Grinder
  4212 | D:6      | Reached skill level 5 in Armour
  4247 | D:6      | Reached skill level 7 in Unarmed Combat
  4296 | D:6      | Killed Grinder
  4319 | D:6      | Noticed Edmund
  4341 | D:6      | Killed Edmund
  4341 | D:6      | Reached skill level 5 in Shields
  4355 | D:6      | Reached skill level 8 in Unarmed Combat
  4355 | D:6      | Reached XP level 9. HP: 6/72 MP: 8/8
  4415 | D:6      | Reached skill level 5 in Fighting
  4604 | D:6      | Found an opulent altar of Gozag.
  5022 | D:7      | Found a staircase to the Ecumenical Temple.
  5086 | D:7      | Found a glowing golden altar of the Shining One.
  5337 | D:7      | Noticed a hornet
  5350 | D:7      | Killed a hornet
  5402 | D:7      | Reached skill level 9 in Unarmed Combat
  5725 | D:7      | Found Myosk's Antique Weapon Shoppe.
  5798 | D:7      | Found a basalt altar of Yredelemnul.
  5800 | D:7      | Noticed a profane servitor
  5820 | D:7      | Noticed an angel
  5842 | D:7      | Became a worshipper of Yredelemnul the Dark
  5971 | D:8      | Found Vomymori's Book Shoppe.
  6063 | D:8      | Found an iron altar of Okawaru.
  6159 | D:8      | Noticed a hornet
  6175 | D:8      | Killed a hornet
  6175 | D:8      | Reached XP level 10. HP: 55/79 MP: 9/9
  6241 | D:8      | Reached skill level 10 in Unarmed Combat
  7011 | D:9      | Noticed Erolcha
  7020 | D:9      | HP: 3/78 [something (12)]
  7021 | D:9      | Slain by Erolcha

Skill      XL: |  1  2  3  4  5  6  7  8  9 10 |
---------------+-------------------------------+-----
Armour         | 3 4 5 6 |  6.2
Shields        | 3 4 5 6 |  6.2
Unarmed Combat | 3 4 6 8 9 10 | 10.4
Dodging        | 1 2 3 4 |  4.1
Fighting       | 4 5 |  5.9
Stealth        | 1 |  1.0

Action                   |  1- 3 |  4- 6 |  7- 9 | 10-12 || total
-------------------------+-------+-------+-------+-------++-------
Melee: Unarmed           |   148 |   227 |   446 |   113 ||   934
  Use: Potion            |       |    11 |     3 |     1 ||    15
       Scroll            |       |     6 |     7 |     3 ||    16
  Eat: Ration            |     1 |     2 |     1 |     2 ||     6
       Chunk             |       |     4 |     8 |       ||    12
Armor: Scale mail        |     2 |       |       |       ||     2
       Ring mail         |    51 |    74 |    87 |       ||   212
       Chain mail        |       |       |    79 |    37 ||   116
Dodge: Dodged            |    36 |    73 |   143 |    24 ||   276
Block: Shield            |    71 |    85 |   226 |    52 ||   434
